 Dungeon Sprint DCSS version 0.29.1-4-g47bece8355 (webtiles) character file.

Game seed: 12065526356656142506

11553 boopmooplesden the Executioner (level 11, -5/126 HPs)
             Began as a Minotaur Berserker on Dec 8, 2022.
             Was the Champion of Trog.
             Slain by an orc warrior
             ... wielding a +0 halberd
              (20 damage)
             ... in the Dungeon (Sprint IX: "|||||||||||||||||||||||||||||").
             The game lasted 00:02:36 (1926 turns).

boopmooplesden the Executioner (Minotaur Berserker) Turns: 1926, Time: 00:02:37

Health: -5/126     AC: 17    Str: 26    XL:     11   Next: 50%
Magic:  10/10      EV: 16    Int:  4    God:    Trog [******]
Gold:   94         SH:  0    Dex: 10    Spells: 10/10 levels left

rFire   . . .      SeeInvis .   s - +1 executioner's axe (flame)
rCold   . . .      Faith    .   (shield currently unavailable)
rNeg    . . .      Spirit   .   m - +1 chain mail
rPois   .          Reflect  .   (helmet restricted)
rElec   .          Harm     .   l - +0 cloak
rCorr   .          Rampage  .   (no gloves)
Will    .....      NoTele   +   t - +0 pair of boots
Stlth   ..........              (no amulet)
HPRegen 0.31/turn               o - +2 ring of evasion
MPRegen 0.12/turn               n - +2 ring of evasion

@: on berserk cooldown, slowed, very slow
A: horns 2, retaliatory headbutt
a: Renounce Religion, Berserk, Trog's Hand, Brothers in Arms


You were in the Dungeon.
You worshipped Trog.
Trog was exalted by your worship.
You visited 1 branch You collected 94 gold pieces.

Inventory:

Hand Weapons
 a - a +0 hand axe
 k - a +1 vorpal broad axe
 s - a +1 executioner's axe of flaming (weapon)
Armour
 b - a +0 animal skin
 l - a +0 cloak (worn)
 m - a +1 chain mail (worn)
 t - a +0 pair of boots (worn)
Jewellery
 n - a +2 ring of evasion (right hand)
 o - a +2 ring of evasion (left hand)
Wands
 j - a wand of acid (10)
Scrolls
 h - 5 scrolls of blinking
 p - a scroll of enchant weapon
 q - a scroll of identify
 r - 2 scrolls of fear
Potions
 c - 5 potions of curing
 d - 6 potions of heal wounds
 e - 2 potions of haste
 f - 4 potions of magic
 g - 2 potions of berserk rage
 i - a potion of invisibility


   Skills:
 + Level 20.4 Fighting
 + Level 21.6 Axes
 + Level 14.4 Armour
 + Level 9.2 Dodging
 + Level 0.1 Stealth


You had 10 spell levels left.
You didn't know any spells.
Your spell library was empty.

Dungeon Overview and Level Annotations

Branches:
Dungeon (1/1)

Altars:
Cheibriados
Dithmenos
Elyvilon
Fedhas
Gozag
Hepliaklqana
Kikubaaqudgha
Makhleb
Nemelex Xobeh
Okawaru
Qazlal
Ru
Sif Muna
Trog
Uskayaw
Vehumet
Wu Jian
Xom
Yredelemnul
Zin
The Shining One
Jiyva
Lugonu


Innate Abilities, Weirdness & Mutations

You have a pair of horns on your head.
You reflexively headbutt those who attack you in melee.


Message History

You kill the orc knight!
Trog accepts your kill.
You barely miss the orc warrior. The orc warrior misses you.
You furiously retaliate!
You headbutt the orc warrior, but do no damage.
You slice the orc warrior!! You burn the orc warrior.
You headbutt the orc warrior, but do no damage.
The orc warrior is severely wounded.
The orc warrior hits you with a +0 long sword!
You slice the orc warrior!! You burn the orc warrior.
You kill the orc warrior!
Trog accepts your kill.
The orc warrior no longer looks unusually strong.
An orc comes into view. It is wielding a +0 hand axe.
The orc warrior misses you.
You slice the orc warrior!! You burn the orc warrior!
You kill the orc warrior!
Trog accepts your kill.
The orc warrior no longer looks unusually strong.
The orc knight hits you with a +0 great sword!!
Items here: $ )))) [[[ †.
You slash the orc knight! You burn the orc knight. You headbutt the orc knight!
The orc knight is moderately wounded.
The orc knight roars a battlecry!
The orcs go into a battle-frenzy!
The orc warrior hits you from afar with a +0 halberd.
The orc knight hits you with a +0 great sword!!!
* * * LOW HITPOINT WARNING * * *
The orc warrior hits you from afar with a +0 halberd!
* * * LOW HITPOINT WARNING * * *
You hit the orc knight but do no damage.
Your headbutt misses the orc knight.
The orc knight is moderately wounded.
The orc knight closely misses you.
The orc warrior hits you from afar with a +0 halberd.
* * * LOW HITPOINT WARNING * * *
You closely miss the orc knight.
The orc knight is moderately wounded.
The orc warrior hits you from afar with a +0 halberd!!
You die...

▓▓▓▓▓▓▓▓▓▓▓▓▓▓▓▓▓▓▓▓▓▓▓▓
)))))))).).).)))@ooooo..
▓▓▓▓▓▓▓▓▓▓▓▓▓▓▓▓▓▓▓▓▓▓▓▓▓▓▓▓▓▓▓▓▓
.................................
▓▓▓▓▓▓▓▓▓▓▓▓▓▓▓▓▓▓▓▓▓▓▓▓▓▓▓▓▓▓▓▓▓
:......')........†.†.......).†...
▓▓▓▓▓▓▓▓▓▓▓▓▓▓▓▓▓▓▓▓▓▓▓▓▓▓▓▓▓▓▓▓▓
.................................
▓▓▓▓▓▓▓▓▓▓▓▓▓▓▓▓▓▓▓▓▓▓▓▓▓▓▓▓▓▓▓▓▓
..'________________________'.?)..


You could see an orc knight (strong), 3 orc warriors and an orc (strong).

Vanquished Creatures
  A dire elephant (D)
  A hydra (D)
  A centaur warrior (D)
  A two-headed ogre (D)
  2 orc knights (D)
  2 orc sorcerers (D)
  2 ugly things (D)
  A black mamba (D)
  10 elephants (D)
  A komodo dragon (D)
  2 trolls (D)
  A blink frog (D)
  A wraith (D)
  A wyvern (D)
  A basilisk (D)
  A vampire mosquito (D)
  5 water moccasins (D)
  4 orc warriors (D)
  A wolf (D)
  3 bullfrogs (D)
  A wight (D)
  A killer bee (D)
  A gnoll bouda (D)
  4 hounds (D)
  4 orc priests (D)
  3 orc wizards (D)
  An adder (D)
  5 orcs (D)
  An endoplasm (D)
  2 hobgoblins (D)
  A kobold (D)
  A rat (D)
67 creatures vanquished.

Notes
Turn   | Place    | Note
-------+----------+-------------------------------------------
     0 | D        | boopmooplesden the Minotaur Berserker began the quest for
                  | the Orb.
     0 | D        | Reached XP level 1. HP: 19/19 MP: 0/0
     7 | D        | Reached skill level 4 in Axes
    10 | D        | Reached ** piety under Trog
   129 | D        | Noticed a hound
   129 | D        | Noticed a hound
   129 | D        | Noticed a hound
   129 | D        | Noticed a hound
   132 | D        | Killed a hound
   133 | D        | Reached skill level 5 in Fighting
   133 | D        | Reached skill level 6 in Axes
   133 | D        | Reached XP level 2. HP: 30/30 MP: 1/1
   133 | D        | Reached XP level 3. HP: 37/37 MP: 2/2
   138 | D        | Reached *** piety under Trog
   143 | D        | Reached skill level 7 in Axes
   143 | D        | Reached XP level 4. HP: 47/47 MP: 3/3
   146 | D        | Reached skill level 8 in Axes
   211 | D        | Found a snail-covered altar of Cheibriados.
   211 | D        | Found a shadowy altar of Dithmenos.
   211 | D        | Found a white marble altar of Elyvilon.
   211 | D        | Found a blossoming altar of Fedhas.
   211 | D        | Found an opulent altar of Gozag.
   212 | D        | Found a hazy altar of Hepliaklqana.
   213 | D        | Found a viscous altar of Jiyva.
   214 | D        | Found an ancient bone altar of Kikubaaqudgha.
   215 | D        | Found a corrupted altar of Lugonu.
   216 | D        | Found a burning altar of Makhleb.
   217 | D        | Found a sparkling altar of Nemelex Xobeh.
   218 | D        | Found an iron altar of Okawaru.
   219 | D        | Found a stormy altar of Qazlal.
   220 | D        | Found a sacrificial altar of Ru.
   221 | D        | Found a shimmering blue altar of Sif Muna.
   222 | D        | Found a bloodstained altar of Trog.
   223 | D        | Found a hide-covered altar of Uskayaw.
   224 | D        | Found a radiant altar of Vehumet.
   225 | D        | Found an ornate altar of the Wu Jian Council.
   226 | D        | Found a shimmering altar of Xom.
   227 | D        | Found a basalt altar of Yredelemnul.
   228 | D        | Found a glowing silver altar of Zin.
   229 | D        | Found a glowing golden altar of the Shining One.
   276 | D        | Noticed a troll
   276 | D        | Noticed a troll
   284 | D        | Killed a troll
   285 | D        | Reached skill level 10 in Fighting
   285 | D        | Reached skill level 10 in Axes
   285 | D        | Reached skill level 5 in Armour
   285 | D        | Reached skill level 5 in Dodging
   285 | D        | Reached XP level 5. HP: 56/59 MP: 4/4
   285 | D        | Reached XP level 6. HP: 64/67 MP: 5/5
   286 | D        | Reached **** piety under Trog
   287 | D        | Reached skill level 11 in Axes
   296 | D        | Killed a troll
   296 | D        | Reached ***** piety under Trog
   297 | D        | Reached skill level 12 in Axes
   297 | D        | Reached XP level 7. HP: 39/78 MP: 6/6
   457 | D        | Noticed a centaur warrior
   457 | D        | Noticed a vampire mosquito
   457 | D        | Noticed a wraith
   457 | D        | Noticed a brown ugly thing
   457 | D        | Noticed a brown ugly thing
   457 | D        | Noticed a two-headed ogre
   460 | D        | Killed a centaur warrior
   461 | D        | Reached skill level 14 in Axes
   461 | D        | Reached XP level 8. HP: 89/89 MP: 7/7
   464 | D        | Killed a brown ugly thing
   465 | D        | Reached skill level 15 in Axes
   467 | D        | Reached skill level 15 in Fighting
   474 | D        | Killed a brown ugly thing
   475 | D        | Reached XP level 9. HP: 96/100 MP: 8/8
   482 | D        | Reached skill level 16 in Axes
   486 | D        | Killed a two-headed ogre
   486 | D        | Received a gift from Trog
   844 | D        | Noticed an eight-headed hydra
   851 | D        | Reached skill level 17 in Axes
   864 | D        | Killed an 11-headed hydra
   865 | D        | Reached skill level 10 in Armour
   865 | D        | Reached XP level 10. HP: 20/111 MP: 9/9
   867 | D        | Received a gift from Trog
   868 | D        | Reached skill level 18 in Axes
  1324 | D        | Noticed a black mamba
  1324 | D        | Noticed an elephant
  1328 | D        | Killed a black mamba
  1331 | D        | Noticed an elephant
  1332 | D        | Noticed an elephant
  1335 | D        | Killed an elephant
  1348 | D        | Killed an elephant
  1349 | D        | Reached skill level 19 in Axes
  1356 | D        | Killed an elephant
  1360 | D        | Reached ****** piety under Trog
  1393 | D        | Noticed an elephant
  1393 | D        | Noticed an elephant
  1393 | D        | Noticed an elephant
  1393 | D        | Noticed an elephant
  1393 | D        | Noticed an elephant
  1393 | D        | Noticed an elephant
  1397 | D        | Killed an elephant
  1399 | D        | Killed an elephant
  1400 | D        | Noticed a dire elephant
  1403 | D        | Noticed an elephant
  1405 | D        | Killed an elephant
  1405 | D        | Received a gift from Trog
  1406 | D        | Killed an elephant
  1410 | D        | Killed an elephant
  1411 | D        | Reached skill level 20 in Axes
  1411 | D        | Reached XP level 11. HP: 122/123 MP: 10/10
  1415 | D        | Killed a dire elephant
  1422 | D        | Received a gift from Trog
  1591 | D        | Noticed an orc sorcerer
  1592 | D        | Noticed a soul eater
  1603 | D        | Received a gift from Trog
  1605 | D        | Killed an orc sorcerer
  1903 | D        | Noticed an orc sorcerer
  1903 | D        | Noticed an orc knight
  1905 | D        | Noticed an orc knight
  1905 | D        | Killed an orc sorcerer
  1906 | D        | Reached skill level 21 in Axes
  1911 | D        | Killed an orc knight
  1911 | D        | Received a gift from Trog
  1915 | D        | Noticed an orc knight
  1918 | D        | Killed an orc knight
  1926 | D        | Slain by an orc warrior

Illustrated notes

Levels and vault maps discovered:
D:        linesprint [early_d, line_temple, items_1, d_10, items_2, lair_1,
          lair_end, items_3, orc_1, orc_end, items_4, d_15, swamp_1, shoals_1,
          snake_1, spider_1, d_20, vaults_1, items_5, swamp_end, shoals_end,
          snake_end, spider_end, vaults_end, d_27, items_6, zot_1, zot_end,
          crypt_end, forest_end, elf_end, slime_end, tomb_end, abyss_end,
          pan_hell_end]

Skill      XL: |  1  2  3  4  5  6  7  8  9 10 11 |
---------------+----------------------------------+-----
Fighting       | 5 7 10 12 14 15 17 19 20 | 20.4
Axes           | 6 7 10 12 14 15 17 20 21 | 21.6
Armour         | 3 4 5 6 7 8 10 13 14 | 14.4
Dodging        | 3 5 6 7 8 9 |  9.2
Stealth        | |  0.1

Action                   |  1- 3 |  4- 6 |  7- 9 | 10-12 || total
-------------------------+-------+-------+-------+-------++-------
Melee: Hand axe          |    21 |     6 |       |       ||    27
       Headbutt          |     3 |     4 |     9 |    25 ||    41
       Punch             |     1 |       |       |       ||     1
       Broad axe         |       |    18 |    46 |    50 ||   114
       Executioner's axe |       |       |       |    50 ||    50
Invok: Berserk           |     1 |     1 |     2 |     4 ||     8
  Use: Potion            |       |       |       |     1 ||     1
Armor: Animal skin       |     2 |     1 |       |       ||     3
       Chain mail        |       |     7 |    15 |    29 ||    51
Dodge: Dodged            |     7 |    22 |    49 |    60 ||   138
